 Dungeon Crawl Stone Soup version 0.22.1-2-g9c5b331383 (webtiles) character file.

71 Forgol the Slinger (level 4, -4/29 HPs)
             Began as a Halfling Hunter on Dec 26, 2018.
             Slain by a gnoll
             ... wielding a +0 halberd
              (9 damage)
             ... on level 2 of the Dungeon.
             The game lasted 00:07:28 (1039 turns).

Forgol the Slinger (Halfling Hunter)                Turns: 1039, Time: 00:07:29

Health: -4/29      AC:  3    Str: 13    XL:     4   Next: 47%
Magic:  4/4        EV: 14    Int:  9    God:
Gold:   56         SH:  0    Dex: 15    Spells: 3/3 levels left

rFire    . . .     SeeInvis .   a - +1 hunting sling
rCold    . . .     Gourm    .   (shield restricted)
rNeg     . . .     Faith    .   c - +0 leather armour
rPois    .         Spirit   .   (no helmet)
rElec    .         Reflect  .   (no cloak)
rCorr    .         Harm     .   (no gloves)
MR       .....                  (no boots)
Stlth    ++........             (no amulet)
HPRegen  0.09/turn              (no ring)
MPRegen  0.09/turn              (no ring)

@: no status effects
A: small, mutation resistance 1
a: no special abilities


You were on level 2 of the Dungeon.
You were not hungry.

You visited 1 branch of the dungeon, and saw 2 of its levels.

You collected 56 gold pieces.

Inventory:

Hand Weapons
 a - a +1 hunting sling (weapon)
 b - a +0 short sword
 l - a +0 short sword
 r - a +0 dagger of venom
Missiles
 j - 28 stones (quivered)
Armour
 c - a +0 leather armour (worn)
 s - a cursed +0 ring mail
Jewellery
 m - an uncursed ring of resist corrosion {unknown}
Scrolls
 e - a scroll of remove curse {unknown}
 k - a scroll of magic mapping {unknown}
 n - a scroll of amnesia {unknown}
 o - a scroll of identify {unknown}
 p - a scroll of enchant weapon {unknown}
 q - a scroll of fog {unknown}
Potions
 h - a potion of brilliance {unknown}
 i - a potion of heal wounds {unknown}
Comestibles
 f - 3 rations
 g - 10 chunks of flesh


   Skills:
 - Level 1.7 Fighting
 * Level 8.2 Slings
 - Level 2.1 Dodging
 - Level 1.1 Stealth


You had 3 spell levels left.
You didn't know any spells.
Your spell library was empty.

Dungeon Overview and Level Annotations

Branches:
Dungeon (2/15)

Altars:
The Shining One


Innate Abilities, Weirdness & Mutations

You are small and have problems with some larger weapons.
You are somewhat resistant to further mutation.


Message History

Firing (i - inventory)
j - 31 stones (quivered)
Press: ? - help, Shift-Dir - straight line, f/p - gnoll
Aim: a gnoll, wielding a club (heavily wounded)
You shoot a stone. The stone hits the gnoll.
The gnoll is almost dead.
The gnoll misses you. The gnoll closely misses you.
Firing (i - inventory)
j - 30 stones (quivered)
Press: ? - help, Shift-Dir - straight line, f/p - gnoll
Aim: a gnoll, wielding a club (severely wounded)
You shoot a stone.
The stone hits the gnoll but does no damage.
The gnoll is severely wounded.
The gnoll barely misses you.
Firing (i - inventory)
j - 29 stones (quivered)
Press: ? - help, Shift-Dir - straight line, f/p - gnoll
Aim: a gnoll, wielding a club (severely wounded)
You shoot a stone. The stone barely misses the gnoll.
The gnoll barely misses you. The gnoll misses you.
The gnoll hits you from afar with a halberd!
You die...

#.....g.g(###
#..#
#..###....#
#....
#..#_#.##.#
#..###
#..#>#รท...#
...
#..#.#..###
#..#
##g#.#..# #.#
#g#.#..# ##
#g#8#..#
#g@....#
####...#
#####


You could see 4 gnolls.

Vanquished Creatures
  2 adders (D:2)
  A worm (D:2)
  A dart slug (D:1)
  2 leopard geckos
  A giant cockroach (D:1)
  2 goblins (D:1)
  10 hobgoblins
  5 jackals
  A quokka (D:2)
  4 bats
  3 frilled lizards
  8 kobolds
  4 rats (D:1)
44 creatures vanquished.

Vanquished Creatures (others)
  5 toadstools (D:1)
5 creatures vanquished.

Grand Total: 49 creatures vanquished

Notes
Turn   | Place    | Note
-------+----------+-------------------------------------------
     0 | D:1      | Forgol the Halfling Hunter began the quest for the Orb.
     0 | D:1      | Reached XP level 1. HP: 14/14 MP: 1/1
    23 | D:1      | Reached skill level 6 in Slings
   122 | D:1      | Reached XP level 2. HP: 19/19 MP: 2/2
   245 | D:1      | Reached skill level 7 in Slings
   245 | D:1      | Reached XP level 3. HP: 24/24 MP: 3/3
   900 | D:2      | Reached XP level 4. HP: 29/29 MP: 4/4
   938 | D:2      | Found a glowing golden altar of the Shining One.
   985 | D:2      | Reached skill level 8 in Slings
  1039 | D:2      | Slain by a gnoll

Skill      XL: |  1  2  3  4 |
---------------+-------------+-----
Slings         | 6 7 8 |  8.2
Fighting       | |  1.7
Dodging        | |  2.1
Stealth        | |  1.1

Action                   |  1- 3 |  4- 6 || total
-------------------------+-------+-------++-------
 Fire: Hunting sling     |    73 |    51 ||   124
Armor: Leather armour    |     3 |     1 ||     4
Dodge: Dodged            |     9 |    22 ||    31
